 Dungeon Crawl Stone Soup version 0.29.1-12-g30fa7ad0bf (webtiles) character file.

Game seed: 6272909375932676133

253 FexLirch the Digger (level 6, -3/45 HPs)
             Began as a Meteoran Earth Elementalist on Jan 15, 2023.
             Slain by a bullfrog (4 damage)
             ... in a sewer.
             The game lasted 00:08:35 (1019 turns).

FexLirch the Digger (Meteoran Earth Elementalist)   Turns: 1019, Time: 00:08:36

Health: -3/45      AC:  2    Str: 10    XL:     6   Next: 64%
Magic:  6/14       EV: 13    Int: 18    God:
Gold:   129        SH:  0    Dex: 15    Spells: 8/14 levels left

rFire   . . .      SeeInvis .   (no weapon)
rCold   . . .      Faith    .   (no shield)
rNeg    . . .      Spirit   .   a - +0 robe
rPois   .          Reflect  .   (no helmet)
rElec   .          Harm     .   (no cloak)
rCorr   .          Rampage  .   (no gloves)
Will    .....                   (no boots)
Stlth   +.........              (no amulet)
HPRegen 0.15/turn               d - +4 ring of evasion
MPRegen 0.14/turn               (no ring)

@: about to teleport, very slightly contaminated, glowing, constricted
A: sense surroundings 1, otherworldly, glowing, explore regen
a: no special abilities


You were in a sewer.
You visited 1 branch of the dungeon, and saw 5 of its levels.
You also visited: Sewer.

You collected 129 gold pieces.

Inventory:

Armour
 a - a +0 robe (worn)
 o - a +0 kite shield
Jewellery
 d - a +4 ring of evasion (left hand)
 l - an amulet of faith
Scrolls
 f - a scroll of enchant armour
 h - a scroll of immolation
 i - a scroll of magic mapping
 j - a scroll of poison
 k - a scroll of teleportation
 m - a scroll of fog
 p - a scroll of vulnerability {unknown}
Potions
 b - 2 potions of magic
 c - a potion of curing
 e - a potion of flight {unknown}
 g - a potion of brilliance


   Skills:
 - Level 2.4 Dodging
 - Level 1.4 Stealth
 + Level 4.8 Spellcasting
 + Level 3.8 Conjurations
 - Level 1.2 Transmutations
 + Level 5.5 Earth Magic


You had 8 spell levels left.
You knew the following spells:

 Your Spells              Type           Power      Damage    Failure   Level
a - Sandblast             Erth           48%        2d12      1%          1
b - Passwall              Tmut/Erth      13%        N/A       5%          2
c - Stone Arrow           Conj/Erth      42%        3d9       6%          3

Your spell library contained the following spells:

 Spells                   Type           Power      Damage    Failure   Level
 Petrify                  Tmut/Erth      16%        N/A       34%         4
 Inner Flame              Hex/Fire       4%         N/A       38%         3
 Cause Fear               Hex            2%         N/A       80%         4
 Discord                  Hex            2%         N/A       100%        8


Dungeon Overview and Level Annotations

Branches:
Dungeon (5/15) Zot: 2170    Sewer (1/1) Zot: 321
 Temple: D:4-7

Altars:

Shops:
D:3 [*[:(


Innate Abilities, Weirdness & Mutations

You passively map a small area around you.
You are easily found by Zot.
You glow in the dark.
You regain HP and MP as you explore.


Message History

Aiming: Stone Arrow (dangerous; 6% risk of failure)
Press: ? - help, Shift-Dir - straight line, f - bullfrog
Aim: a bullfrog (64% to hit)
You miscast Stone Arrow.
You are very lightly contaminated with residual magic.
Nothing appears to happen.
The bullfrog hits you. The bullfrog closely misses you. The bullfrog hits you.
* * * LOW HITPOINT WARNING * * *
The ball python bites you but does no damage.
The ball python misses you. x2; The ball python grabs you.
The ball python constricts you.
Casting: Stone Arrow (dangerous; 6% risk of failure)
Confirm with . or Enter, or press ? or * to list all spells.
Aiming: Stone Arrow (dangerous; 6% risk of failure)
Press: ? - help, Shift-Dir - straight line, f/p - bullfrog
Aim: a bullfrog (64% to hit)
You miscast Stone Arrow.
Nothing appears to happen.
The bullfrog closely misses you. The bullfrog hits you.
* * * LOW HITPOINT WARNING * * *
The ball python bites you but does no damage.
The ball python misses you. The ball python constricts you.
* * * LOW HITPOINT WARNING * * *
The bullfrog hits you but does no damage.
The bullfrog closely misses you.
The ball python's grasp on you weakens, but your attempt to escape fails.
The bullfrog hits you.
* * * LOW HITPOINT WARNING * * *
The ball python bites you.
* * * LOW HITPOINT WARNING * * *
The bullfrog hits you.
* * * LOW HITPOINT WARNING * * *
The ball python bites you but does no damage.
The ball python constricts you.
Unknown command.
Unknown command.
Unknown command.
As you read the scroll of teleportation, it crumbles to dust.
You feel strangely unstable. The bullfrog completely misses you.
The bullfrog hits you.
You die...

################### **
## ,, #. * #. ,, ##
#+###################
##...#F~≈≈≈≈≈≈≈≈≈≈≈≈~#
#....@FS~~~≈≈≈≈≈~~~~~.
#....SS~~~~~≈≈~~~~~~~.
#.....~~~†~#~~#~~~~~~.
#.....~≈~~≈~..~≈~~~≈~.
##...#~~≈≈~~~~~~≈≈≈~~.
#####################


You could see 2 bullfrogs and 3 ball pythons.

Vanquished Creatures
  An ogre (D:5)
  A hound (D:4)
  7 adders (Sewer)
  A river rat (Sewer)
  A worm (D:5)
  A dart slug (D:2)
  6 orcs
  11 ball pythons
  3 bats
  An endoplasm (D:1)
  5 giant cockroaches
  A quokka (D:3)
  5 frilled lizards
  3 kobolds
  22 rats
69 creatures vanquished.

Notes
Turn   | Place    | Note
-------+----------+-------------------------------------------
     0 | D:1      | FexLirch the Meteoran Earth Elementalist began the quest
                  | for the Orb.
     0 | D:1      | Reached XP level 1. HP: 14/14 MP: 5/5
    80 | D:2      | Reached XP level 2. HP: 20/20 MP: 3/6
   199 | D:4      | Reached skill level 1 in Conjurations
   199 | D:4      | Noticed a hound
   234 | D:3      | Found Coawou's Antique Armour Shop.
   278 | D:3      | Noticed a howler monkey
   368 | D:3      | Reached skill level 4 in Earth Magic
   370 | D:3      | Reached XP level 3. HP: 26/26 MP: 3/8
   385 | D:3      | Found Zoifiud's Book Shoppe.
   436 | D:3      | Learned a level 2 spell: Passwall
   440 | D:3      | Learned a level 3 spell: Stone Arrow
   471 | D:3      | Found Bieff's Weapon Shop.
   493 | D:3      | Found Zaecik's Armour Emporium.
   512 | D:3      | HP: 1/26 [ball python (1)]
   616 | D:3      | Found Zokhleow's General Store.
   702 | D:4      | Reached XP level 4. HP: 27/33 MP: 3/10
   782 | D:5      | Entered Level 5 of the Dungeon
   782 | D:5      | Noticed an ogre
   782 | D:5      | Found a glowing drain.
   785 | D:5      | Killed an ogre
   786 | D:5      | Reached skill level 5 in Earth Magic
   786 | D:5      | Reached XP level 5. HP: 28/38 MP: 1/12
   803 | Sewer    | Entered a sewer
   822 | Sewer    | Reached XP level 6. HP: 45/45 MP: 11/13
  1018 | Sewer    | HP: 1/45 [bullfrog (5)]
  1019 | Sewer    | Slain by a bullfrog

Illustrated notes

Levels and vault maps discovered:
D:1:      dpeg_arrival_rooms_b, layout_basic, hellmonk_ecumenical_altar_run_dry
D:2:      layout_basic, minmay_ruptured
D:3:      layout_loops_ring, serial_shops, shop, shop, shop, shop,
          nicolae_shop_bloodbath_and_beyond
D:4:      layout_rooms, serial_shops, kennysheep_mini_moat
D:5:      layout_loops_ring, nicolae_vehumet_radiance,
          cheibrodos_sewer_entry_sluice
Sewer:    sewer_minmay_w

Skill      XL: |  1  2  3  4 |
---------------+-------------+-----
Spellcasting   | 3 4 |  4.8
Conjurations   | 1 2 3 |  3.8
Earth Magic    | 4 5 |  5.5
Dodging        | |  2.4
Stealth        | |  1.4
Transmutations | |  1.2

Action                   |  1- 3 |  4- 6 || total
-------------------------+-------+-------++-------
Melee: Unarmed           |     1 |     2 ||     3
 Cast: Sandblast         |    39 |    62 ||   101
       Stone Arrow       |       |     4 ||     4
  Use: Scroll            |       |    11 ||    11
Armor: Robe              |     7 |    23 ||    30
Dodge: Dodged            |    28 |    78 ||   106
